[Event "Late-Titled-Tuesday-Blitz-October-24-2023"]
[Site "Chess.com"]
[Date "2023.10.24"]
[Round "10"]
[White "Escudito"]
[Black "FM_Kappeler"]
[Result "1-0"]
[WhiteElo "2476"]
[BlackElo "2276"]
[TimeControl "180+1"]
[EndTime "15:56:38 PDT"]
[Termination "Escudito won on time"]

1. d4 d5 2. c4 e6 3. Nc3 Nf6 4.
cxd5 Nxd5 5. e4 Nxc3 6. bxc3 c5 7.
Rb1 Nc6 8. Nf3 Be7 9. d5 exd5 10.
exd5 Na5 11. Bb5+ Bd7 12. Qa4 b6 13. O-O Bxb5 14. Qxb5+ Qd7 15. Qd3 O-O 16. c4 Bf6 17. Bg5 Qd6 18. Rfe1 Rfe8 19. h3 Rad8 20. g3 Nb7 21.
Kg2 Bxg5 22. Nxg5 Qg6 23. Ne4 Nd6 24. f3 h5 25. Rbd1 Nf5 26. g4 hxg4 27. hxg4 Nd6 28. Nxd6 Qxd6 29. Re4 g6 30. Rde1 Rxe4 31. Qxe4 Kg7 32.
a4 Rh8 33. Qe5+ Qxe5 34. Rxe5 Kf6 35. f4 Rd8 36. g5+ Kg7 37. Re7 a6 38. Rb7 Rd6 39.
Kf3 Kf8 40. Ke4 Ke8 41. Ke5 Rd7 42. Rxb6 Re7+ 43. Kd6 Rd7+ 44. Kxc5 Ke7 45. Kd4 Rc7 46. Rxa6 Rb7 47. c5 Rb4+ 48. Ke5 Rb1 49. Ra7+ Kf8 50.
c6 Re1+ 51. Kf6 1-0

[Event "Late-Titled-Tuesday-Blitz-October-24-2023"]
[Site "Chess.com"]
[Date "2023.10.24"]
[Round "10"]
[White "HajiyevKanan"]
[Black "Dacean99"]
[Result "0-1"]
[WhiteElo "2504"]
[BlackElo "2602"]
[TimeControl "180+1"]
[EndTime "15:56:39 PDT"]
[Termination "Dacean99 won on time"]

1. d4 Nf6 2. Nf3 d5 3. c4 dxc4 4. Nbd2 c5 5. Nxc4 cxd4 6. Nxd4 g6 7. Bf4 Bg7 8. e3 O-O 9. Be2 Nd5 10. Bg3 Re8 11. O-O e5 12. Nb5 Nc6 13. Ncd6 Be6 14.
Nxe8 Qxe8 15. e4 Nf4 16. Nc7 Qc8 17. Nxa8 Qxa8 18. b3 Nd4 19. Bxf4 exf4 20. f3 a5 21. Bc4 Qa7 22. Kh1 Bd7 23. Bd5 Bb5 24. Rc1 Bxf1 25.
Rc8+ Bf8 26. Qxf1 b5 27. Qc1 Ne2 28. Qd1 Qf2 29. Rc2 Ng3+ 30. hxg3 Qxg3 31. Rc7 Bd6 32. Bxf7+ Kg7 33. Rd7 Qh4+ 34. Kg1 Bc5+ 35. Rd4 Kxf7 36. Kf1 Qh1+ 37. Ke2 Qxg2+ 38. Kd3 Bxd4 39.
Kxd4 Qf2+ 40. Ke5 Qc5+ 41. Kxf4 Qc7+ 42. e5 Ke6 43. Qd4 Qc1+ 44. Ke4 Qe1+ 45. Kf4 Qh4+ 46. Ke3 Qxd4+ 47. Kxd4 h5 48. f4 h4 49. Ke4 h3 50.
Kf3 g5 51. fxg5 Kxe5 52. Kg3 Kf5 53. Kxh3 Kxg5 54. Kg3 Kf5 55. Kf3 Ke5 56. Ke3 Kd5 57. Kd3 Kc5 58. a3 Kd5 59. b4 a4 60. Kd2 Kd4 61. Kc2 Kc4 62. Kc1 Kb3 0-1

[Event "Late-Titled-Tuesday-Blitz-October-24-2023"]
[Site "Chess.com"]
[Date "2023.10.24"]
[Round "10"]
[White "lluiss"]
[Black "RCone"]
[Result "0-1"]
[WhiteElo "2204"]
[BlackElo "2398"]
[TimeControl "180+1"]
[EndTime "15:56:39 PDT"]
[Termination "RCone won on time"]

1. Nf3 d6 2. d4 Nf6 3. g3 g6 4. Bg2 Bg7 5. O-O O-O 6. c4 Nc6 7. Nc3 a6 8. d5 Na5 9. b3 c5 10. dxc6 Nxc6 11. Be3 Ng4 12. Bd2 Bd7 13. Rc1 Rc8 14.
a4 a5 15. Nb5 Nb4 16. h3 Nf6 17.
Nfd4 Bc6 18. Nxc6 bxc6 19. Nc3 Rb8 20. Ne4 c5 21. Nc3 Qb6 22. Rb1 e6 23. e4 Nc6 24.
Be3 Rfd8 25. Nb5 Nb4 26. Qd2 d5 27. cxd5 exd5 28. exd5 Nfxd5 29. Qc1 Nxe3 30. Qxe3 Nc2 31. Qf3 Nd4 32. Nxd4 Bxd4 33. Rfd1 Qb4 34. Bf1 Rd6 35. Rxd4 cxd4 36. Bc4 Qb7 37. Qxb7 Rxb7 38. Rd1 Kg7 39. Rd3 f5 40. Kg2 Kf6 41. Kf3 g5 42. g4 f4 43.
Rd2 Re7 44. Rd3 Re1 45. Rd2 h6 46. Rb2 Rh1 47. Rd2 Rxh3+ 48. Kg2 Rc3 49. f3 d3 0-1

[Event "Late-Titled-Tuesday-Blitz-October-24-2023"]
[Site "Chess.com"]
[Date "2023.10.24"]
[Round "10"]
[White "tteshan"]
[Black "gahryman"]
[Result "0-1"]
[WhiteElo "2533"]
[BlackElo "2690"]
[TimeControl "180+1"]
[EndTime "15:56:40 PDT"]
[Termination "gahryman won by resignation"]

1. e4 c5 2. Nf3 Nc6 3. c3 Nf6 4. e5 Nd5 5. Bc4 Nb6 6. Bb3 c4 7. Bc2 d6 8. exd6 Qxd6 9. O-O Bg4 10. Re1 O-O-O 11. b3 e5 12. bxc4 Nxc4 13. Qe2 Nb6 14. h3 Bh5 15. Na3 f6 16. Rb1 Bg6 17. Nb5 Qd5 18.
Bxg6 hxg6 19. Nxa7+ Nxa7 20. Rxb6 Bc5 21. Rb1 Qd3 22. Qxd3 Rxd3 23. Kf1 Rhd8 24. Re2 g5 25.
Ne1 R3d6 26. d3 Ra6 27. Be3 Bxe3 28. fxe3 Nc6 29. d4 Ra3 30. Rb3 Ra4 31. Nd3 Na5 32. Rb4 Ra3 33. Rc2 Rd7 34. Nc5 Rc7 35. Ra4 Rxa4 36.
Nxa4 Nc4 37. Ke2 b6 38. Rc1 Kb7 39. Kd3 Ka6 40. Rb1 e4+ 41. Ke2 Ka5 42. Rb4 f5 43.
Nb2 Nxb2 44. Rxb2 Rxc3 45. Rd2 f4 46. exf4 gxf4 47. d5 e3 48. Rd4 Rc2+ 49. Ke1 Rxg2 50. d6 f3 51. Rg4 Rd2 52. Rxg7 0-1

[Event "Late-Titled-Tuesday-Blitz-October-24-2023"]
[Site "Chess.com"]
[Date "2023.10.24"]
[Round "10"]
[White "GMKrikor"]
[Black "TanitoluwaAps116"]
[Result "0-1"]
[WhiteElo "2802"]
[BlackElo "2673"]
[TimeControl "180+1"]
[EndTime "15:56:43 PDT"]
[Termination "TanitoluwaAps116 won on time"]

1. Nf3 Nf6 2. c4 e6 3. Nc3 b6 4.
e4 Bb7 5. e5 Ne4 6. Bd3 Nxc3 7.
dxc3 d6 8. Qe2 Nd7 9. exd6 Bxd6 10. Be3 O-O 11. O-O-O Qe7 12. h4 e5 13. Bc2 f5 14.
Bg5 Qe8 15. Kb1 Nc5 16. h5 Be4 17. h6 g6 18. Be3 Bxc2+ 19. Qxc2 Ne4 20. g4 Qc6 21. gxf5 Rxf5 22. Nh4 Rf6 23. Rhg1 Kf7 24. f3 Nc5 25. Bg5 Re6 26. Be3 Rg8 27. Rdf1 Nd7 28.
f4 exf4 29. Bxf4 Bxf4 30. Rxf4+ Nf6 31. Rgf1 Rd8 32. Nf3 Qc5 33. Nd4 Red6 34. Qf2 Qe5 35. Re1 Qg5 36. Rf1 Re8 37. a3 Re7 38. Ka2 a6 39.
Rf3 Qe5 40. Qg2 Ke8 41. R3f2 Kf7 42. Qa8 Re8 43. Qb7 Re7 44. Nc6 Qe4 45. Rxf6+ Rxf6 46. Nd8+ Ke8 47. Qxe4 Rxe4 48. Rxf6 Kxd8 49. Rf7 Re7 50.
Rg7 Ke8 51. Rg8+ Kf7 52. Rg7+ Kf6 53. Rg8 Kf7 54. Rg7+ Kf8 0-1

[Event "Late-Titled-Tuesday-Blitz-October-24-2023"]
[Site "Chess.com"]
[Date "2023.10.24"]
[Round "10"]
[White "LiemLe"]
[Black "Jospem"]
[Result "0-1"]
[WhiteElo "2996"]
[BlackElo "3100"]
[TimeControl "180+1"]
[EndTime "15:56:47 PDT"]
[Termination "Jospem won on time"]

1. Nf3 c5 2. c4 Nc6 3. Nc3 g6 4. e3 Bg7 5. d4 d6 6. d5 Nb4 7. Be2 Nf6 8. O-O O-O 9. e4 e5 10. Ne1 Ne8 11. a3 Na6 12. Be3 f5 13. exf5 gxf5 14.
f4 e4 15. Qd2 Nf6 16. Nc2 Qe7 17. h3 Kh8 18. Rae1 Bd7 19. Kh2 Qf7 20. Bf2 Qg6 21.
Ne3 h5 22. Bh4 Nc7 23. g3 Nce8 24. Ng2 Bh6 25. Bg5 Bg7 26. Nd1 Qh7 27. Nde3 a5 28. Nh4 a4 29. Rf2 Ra6 30. Rh1 Rb6 31. Kg1 Rb3 32. g4 fxg4 33. hxg4 Rxe3 34. Qxe3 Nxg4 35. Bxg4 Bxg4 36. Qg3 Bd4 37. Kf1 Kg8 38. Ng2 Ng7 39. Ne3 Bxe3 40. Qxe3 Nf5 41. Qc3 e3 42. Rg2 Bf3 43.
Rhg1 Bxg2+ 44. Rxg2 Rf7 45. Bf6+ Ng7 46. Ke2 h4 47.
Kxe3 h3 48. Rxg7+ Rxg7 49. Bxg7 h2 50. Qf6 Qh3+ 51. Kf2 h1=Q 52. Qf8+ Kh7 53. Qh8+ Kg6 54. Qe8+ Kxg7 55. Qe7+ Kg6 56. Qe8+ Kf5 57. Qe6+ Kxf4 58. Qf6+ Qf5 59. Qxd6+ Ke4+ 0-1

[Event "Late-Titled-Tuesday-Blitz-October-24-2023"]
[Site "Chess.com"]
[Date "2023.10.24"]
[Round "10"]
[White "HaryKane"]
[Black "wild3000"]
[Result "1-0"]
[WhiteElo "2525"]
[BlackElo "2403"]
[TimeControl "180+1"]
[EndTime "15:56:48 PDT"]
[Termination "HaryKane won on time"]

1. e4 e5 2. Nf3 Nc6 3. Bb5 a6 4. Ba4 d6 5. O-O Bd7 6. Re1 Nf6 7. d4 Be7 8. dxe5 Nxe5 9. Bxd7+ Qxd7 10. Nd4 O-O 11. Bf4 Ng6 12. Bg3 Rfe8 13. Nc3 Bf8 14. Qd2 Nh5 15. Rad1 Nxg3 16. hxg3 Ne5 17. Nd5 Nc6 18.
Nf5 Ne7 19. Nh6+ Kh8 20. Nxf7+ Kg8 21. Nh6+ Kh8 22. Nxe7 Qxe7 23. Nf5 Qf7 24. b3 g6 25. Nh4 Bg7 26. c4 a5 27. a4 Re7 28. Re2 b6 29. Qd5 Rae8 30. Qxf7 Rxf7 31. Rd3 Rfe7 32. f3 Bf6 33. Kh2 Kg7 34. Kh3 h5 35. g4 Rh8 36. g3 Re5 37. Rd5 Re7 38. gxh5 Bxh4 39. Kxh4 gxh5 40. Rxh5 Rxh5+ 41. Kxh5 Kf6 42. Kg4 Ke5 43.
Rd2 Rh7 44. Rd5+ Ke6 45. Rh5 Rg7+ 46. Kf4 Kd7 47. g4 Kc6 48. Ke3 Kd7 49. Rf5 Rh7 50. Rh5 Rg7 51. g5 Ke6 52. f4 Kd7 53. Rh6 Kc6 54. g6 Kc5 55. f5 c6 56. f6 Rg8 57. g7 d5 58. exd5 Re8+ 59. Kf3 1-0

[Event "Late-Titled-Tuesday-Blitz-October-24-2023"]
[Site "Chess.com"]
[Date "2023.10.24"]
[Round "10"]
[White "Fradi82"]
[Black "Eloist"]
[Result "0-1"]
[WhiteElo "2347"]
[BlackElo "2445"]
[TimeControl "180+1"]
[EndTime "15:56:52 PDT"]
[Termination "Eloist won by checkmate"]

1. e4 e6 2. d4 d5 3. e5 c5 4. Qg4 cxd4 5. Bd3 Nc6 6. Nf3 f6 7. Qh5+ Kd7 8. O-O Qe8 9. Qxe8+ Kxe8 10.
Re1 fxe5 11. Nxe5 Nxe5 12. Rxe5 Bd6 13. Re1 Kf7 14. f4 Ne7 15. Nd2 Nc6 16. Nf3 h6 17.
Bd2 Bd7 18. Rf1 Rhf8 19. Rae1 Kg8 20. Ne5 Nxe5 21. fxe5 Rxf1+ 22. Kxf1 Rf8+ 23. Kg1 Bc5 24. g3 a6 25. Kg2 Bb5 26. Bxb5 axb5 27. Rf1 Ra8 28.
a3 b4 29. axb4 Bb6 30. Rb1 Bc7 31. Re1 Ra2 32. Bc1 Ra1 33. Kf3 Bxe5 34. Rxe5 Rxc1 35.
Rxe6 Rxc2 36. Rb6 Rxh2 37. Rxb7 Rxb2 38. b5 Rb3+ 39. Ke2 Rxg3 40. Rd7 Rb3 41. Rxd5 g5 42.
Rxd4 Rxb5 43. Kf2 Kg7 44. Kg3 Kg6 45. Rd6+ Kg7 46. Rd7+ Kg6 47. Rd6+ Kh5 48. Rd4 Rb6 49. Rd5 Kg6 50. Rc5 h5 51. Ra5 Rb3+ 52. Kg2 h4 53. Ra8 Kh5 54. Rh8+ Kg4 55. Ra8 Rb2+ 56. Kg1 Rb3 57.
Ra4+ Kg3 58. Kf1 h3 59. Ra2 g4 60. Kg1 Rb1# 0-1

[Event "Late-Titled-Tuesday-Blitz-October-24-2023"]
[Site "Chess.com"]
[Date "2023.10.24"]
[Round "10"]
[White "mind1mover"]
[Black "Sanyura"]
[Result "1-0"]
[WhiteElo "2800"]
[BlackElo "2610"]
[TimeControl "180+1"]
[EndTime "15:56:55 PDT"]
[Termination "mind1mover won on time"]

1. Nf3 Nf6 2. b3 g6 3. Bb2 Bg7 4. g3 O-O 5. Bg2 d6 6. d4 Nbd7 7. O-O e5 8. dxe5 Ng4 9. c4 Ngxe5 10. Nc3 a5 11. Qd2 Nxf3+ 12. Bxf3 Ne5 13. Bg2 a4 14.
Nd5 c6 15. Ne3 axb3 16. axb3 Rxa1 17. Rxa1 Qb6 18. b4 Be6 19. Rc1 Ra8 20. Qxd6 Nf3+ 21. Bxf3 Bxb2 22. Rd1 Bc3 23. b5 Rc8 24. bxc6 bxc6 25.
Nd5 Bxd5 26. cxd5 Rd8 27. Qa3 Bb2 28. Qa4 cxd5 29. Bxd5 Kg7 30. Rd3 Bf6 31. Kg2 Qc5 32. Qb3 Rd7 33. h4 h5 34. Qa2 Qb6 35.
Qc4 Qa5 36. Qe4 Qc7 37. Bb3 Re7 38. Qf3 Qb7 39. Bd5 Qb2 40. Re3 Rxe3 41. Qxe3 Qd4 42.
Qf3 Qe5 43. Bc4 Qd6 44. Bb3 Qe7 45. e3 Qc7 46. Bd5 Qe7 47. Qf4 Qd7 48. Qe4 Qe7 49. Qf3 Qd7 50. e4 Qe7 51. g4 hxg4 52. Qxg4 Bxh4 53.
f4 g5 54. e5 Qd8 55. Qf3 1-0

[Event "Late-Titled-Tuesday-Blitz-October-24-2023"]
[Site "Chess.com"]
[Date "2023.10.24"]
[Round "10"]
[White "zivicd"]
[Black "financieru"]
[Result "1-0"]
[WhiteElo "2250"]
[BlackElo "2384"]
[TimeControl "180+1"]
[EndTime "15:56:57 PDT"]
[Termination "zivicd won by resignation"]

1. c4 Nf6 2. Nc3 g6 3. Nf3 Bg7 4. d4 d6 5. e4 O-O 6. h3 e5 7. d5 a5 8. Be3 Na6 9. g4 c6 10. Nd2 cxd5 11. cxd5 Ne8 12. Be2 f5 13. gxf5 gxf5 14.
exf5 Bxf5 15. Nde4 Rc8 16. Rg1 Kh8 17. Bg4 Qd7 18.
a3 Nc5 19. Bxf5 Qxf5 20. Qg4 Nd3+ 21. Ke2 Qxg4+ 22. Rxg4 Nxb2 23. Rb1 Nc4 24. Rxb7 Nxe3 25. fxe3 Bh6 26. Nb5 Rg8 27. Rxg8+ Kxg8 28. Nbxd6 Nxd6 29. Nxd6 Rd8 30. Nf5 Bf8 31. e4 h5 32. a4 Rc8 33.
d6 Rd8 34. Ra7 Bxd6 35. Rxa5 Bc7 36. Rd5 Ra8 37. a5 Rxa5 38. Rxa5 Bxa5 39. Ng3 h4 40. Nf5 Bd8 41. Kf3 Kf7 42. Kg4 Kg6 43. Nxh4+ Kh6 44.
Nf3 Bf6 45. h4 Kg6 46. h5+ Kh6 47. Nh4 Kh7 48. Nf5 Bh8 49. Kf3 Bf6 50. Kg4 Bd8 51. Kf3 Bf6 52. Ke3 Bd8 53. Kd3 Bb6 54. Kc4 Bc7 55.
Kd5 Bb8 56. Ke6 Bc7 57. Kf6 Bb8 58. Ke6 Bc7 59. Nd6 Kh6 60. Kxe5 Kxh5 61. Ke6 Kg6 62.
e5 Kg7 63. Kd7 Bb8 64. e6 Bxd6 65. Kxd6 Kf8 66. Kd7 Kg7 67. e7 1-0

[Event "Late-Titled-Tuesday-Blitz-October-24-2023"]
[Site "Chess.com"]
[Date "2023.10.24"]
[Round "10"]
[White "ellatambien"]
[Black "sergiochess83"]
[Result "0-1"]
[WhiteElo "2666"]
[BlackElo "2883"]
[TimeControl "180+1"]
[EndTime "15:57:02 PDT"]
[Termination "sergiochess83 won on time"]

1. c4 g6 2. Nc3 c5 3. g3 Bg7 4. Bg2 Nc6 5. b3 d6 6. Bb2 Nh6 7. e3 Nf5 8. Nge2 O-O 9. O-O h5 10. d3 Rb8 11. Qd2 Bd7 12. Ne4 Qa5 13. N2c3 a6 14. a3 Qd8 15. h3 b5 16. Nd5 Bxb2 17.
Qxb2 bxc4 18. Ndf6+ exf6 19. Nxf6+ Qxf6 20. Qxf6 cxd3 21.
g4 hxg4 22. hxg4 Nfe7 23. Qxd6 Rfd8 24. Qxc5 Rxb3 25. Rfb1 Rxb1+ 26. Rxb1 Bxg4 27. f3 Be6 28. Rd1 Bb3 29. Rd2 Bc2 30. f4 Kf8 31. Bxc6 Rc8 32. Rxc2 dxc2 33. Qxc2 Rxc6 34. Qb2 f5 35. Kf2 Kf7 36.
Qb7 Re6 37. a4 Kf6 38. Qb2+ Kf7 39. a5 Rd6 40. Qe5 Rd5 41. Qc7 Rb5 42. Kg3 Ke6 43.
Kh4 Kf7 44. Kg5 Ke6 45. Qc4+ Kd6 46. Kf6 Nd5+ 47. Kxg6 Nxe3 48. Qd3+ Nd5 49. Kxf5 Rxa5 50. Kg6 Ra4 51. f5 Rf4 52. Qxa6+ Ke5 53. Qe6+ Kd4 54.
Qe2 Re4 55. Qb2+ Kc5 56. f6 Re6 57. Qa3+ Kd4 58. Qa4+ Kc5 59. Qa5+ Kd4 60. Qd2+ Kc4 0-1

[Event "Late-Titled-Tuesday-Blitz-October-24-2023"]
[Site "Chess.com"]
[Date "2023.10.24"]
[Round "10"]
[White "ExchangeAB"]
[Black "effefe"]
[Result "0-1"]
[WhiteElo "2477"]
[BlackElo "2347"]
[TimeControl "180+1"]
[EndTime "15:57:06 PDT"]
[Termination "effefe won by resignation"]

1. d4 Nf6 2. Nc3 g6 3. e4 d6 4. Nf3 Bg7 5. Be2 c6 6. a4 a5 7. O-O O-O 8. h3 Na6 9. Be3 Nb4 10. Qd2 e5 11. Rac1 Qc7 12. Rfd1 Nh5 13. dxe5 dxe5 14.
Bc5 Re8 15. Bf1 Nf4 16. Ne2 Be6 17. Nxf4 exf4 18. Bxb4 axb4 19. Qxb4 h6 20. Nd4 Bd7 21.
Nf3 c5 22. Qd2 Bxa4 23. b3 Bc6 24. Bd3 Bxe4 25. Bxe4 Rxe4 26. Qd7 Re7 27. Qxc7 Rxc7 28. Rd5 g5 29. h4 g4 30. Ne5 Re7 31. Nxg4 b6 32. f3 Rae8 33. Kh2 Re6 34. Rcd1 Re2 35. R5d2 Rxd2 36. Rxd2 Bd4 37. Kh3 Kh7 38. h5 Re1 39. Kh2 Kg7 40. g3 fxg3+ 41. Kxg3 f5 42. Nh2 Kf6 43. Kg2 Rc1 44. Nf1 Bc3 45. Re2 Bd4 46.
Ng3 Kg5 47. Kh2 f4 48. Ne4+ Kxh5 49. Nd6 Kg6 50. Nc4 b5 51. Nd6 b4 52. Nc4 Kf5 53. Nd6+ Kf6 54. Ne4+ Kf5 55. Nd6+ Kg5 56. Nc4 Kh5 57. Rg2 Rf1 58. Nd6 Rxf3 59. Ne4 Re3 60. Nf2 f3 61. Rg3 Re2 62. Rxf3 Rxf2+ 63. Rxf2 Bxf2 64.
Kg2 Bd4 65. Kh3 Kg5 66. Kg2 Kf4 67. Kh3 Ke3 68. Kg2 Kd2 69. Kh2 Kxc2 70. Kh3 Kxb3 71. Kh2 Kc2 72. Kh3 b3 73. Kh4 b2 74. Kh5 b1=Q 0-1

[Event "Late-Titled-Tuesday-Blitz-October-24-2023"]
[Site "Chess.com"]
[Date "2023.10.24"]
[Round "10"]
[White "Binary010"]
[Black "koncheto"]
[Result "1/2-1/2"]
[WhiteElo "2817"]
[BlackElo "2574"]
[TimeControl "180+1"]
[EndTime "15:57:07 PDT"]
[Termination "Game drawn by repetition"]

1. e4 c5 2. Nf3 d6 3. d4 cxd4 4. Nxd4 Nf6 5. Nc3 Nc6 6. Bg5 e6 7. Qd2 a6 8. O-O-O Bd7 9. Kb1 Be7 10. Nxc6 Bxc6 11. f3 h6 12. Be3 b5 13. Ne2 Rc8 14.
Nd4 Bb7 15. Bd3 Nd7 16. Rhe1 d5 17. exd5 Bxd5 18. Bf1 O-O 19. Nf5 Bf6 20. Nd6 Rc6 21.
Ne4 Be7 22. Bd4 Nf6 23. Nc3 Bc4 24. Bxc4 Rxc4 25. b3 Rc6 26. Qf4 Qa5 27. Ne4 Nxe4 28. Qxe4 Rfc8 29. Re2 Rd6 30. Qe5 Bf8 31. Red2 Rcd8 32.
Bc3 Qb6 33. Rxd6 Rxd6 34. Rxd6 Qxd6 35. Qxd6 Bxd6 36. h3 g6 37. Bf6 Kf8 38. c4 bxc4 39.
bxc4 Ke8 40. Kc2 Kd7 41. Kd3 Kc6 42. Bd4 f5 43. Bg7 h5 44. Kd4 Bc7 45. Be5 Bb6+ 46. Kd3 Bc5 47. h4 Bf2 48. g3 Kc5 49. Bf4 Be1 50. Be5 Bf2 51. Bf4 Be1 52. Be3+ Kc6 53. Bf4 Bf2 54. Kc3 Bg1 55. Kd3 Bc5 56. Kc3 Be7 57. Be5 Bd8 58. Kd4 Bb6+ 59. Kc3 Bf2 60. Kd3 Be1 61. Bf4 Ba5 62. Be5 Bb6 63. Kc3 Bd8 64. Kd3 Be7 65. Kc3 Bc5 66. Kd3 Be7 67.
Kc3 1/2-1/2

[Event "Late-Titled-Tuesday-Blitz-October-24-2023"]
[Site "Chess.com"]
[Date "2023.10.24"]
[Round "10"]
[White "GianmarcoVaR"]
[Black "Mikhail_Golubev"]
[Result "0-1"]
[WhiteElo "2664"]
[BlackElo "2577"]
[TimeControl "180+1"]
[EndTime "15:57:08 PDT"]
[Termination "Mikhail_Golubev won by resignation"]

1. e4 c5 2. Nf3 d6 3. d4 cxd4 4. Nxd4 Nf6 5. Nc3 g6 6. Be2 Bg7 7. Be3 Nc6 8. Nb3 O-O 9. Qd2 a5 10. a3 Be6 11. Nd4 Nxd4 12. Bxd4 a4 13. Bd3 Qa5 14.
f3 Rfc8 15. O-O Bc4 16. Bxc4 Rxc4 17. Bf2 Rac8 18. Rab1 Nd7 19. Rfc1 Bxc3 20. bxc3 b6 21. Be1 Qc5+ 22. Kh1 Qxa3 23. Rb5 Rxc3 24. Qd1 R3c5 25. Bb4 Qxc1 26. Qxc1 Rxb5 27. Ba3 Ne5 28. h4 Nc4 29. Kh2 h5 30. Qa1 Nxa3 31. Qxa3 Ra5 32. c3 Rcc5 33.
Kg3 Rcb5 34. Kf4 Rb3 35. Qa2 Rxc3 36. g4 Rcc5 37. gxh5 Rxh5 38. Kg4 Rhc5 39. f4 b5 40. f5 gxf5+ 41. Kh5 Kg7 42. Qg2+ Kh7 43. Qb2 f4+ 44.
Kg4 a3 45. Qb3 e6 46. e5 dxe5 47. Qd3+ f5+ 48. Kg5 Rc7 49. Qd8 Rg7+ 50. Kh5 Raa7 51.
Qf6 a2 52. Qh6+ Kg8 53. Qxe6+ Kh8 54. Qe8+ Kh7 55. Qxe5 a1=Q 56. Qxf5+ Kh8 57. Qc8+ Rg8 58. Qc3+ Kh7 59. Qc7+ Rg7 60. Qxg7+ Kxg7 61. Kg4 Kf7 62. Kf5 Kf8 63. Kg6 Kg8 64. Kh5 Ra6 0-1

[Event "Late-Titled-Tuesday-Blitz-October-24-2023"]
[Site "Chess.com"]
[Date "2023.10.24"]
[Round "10"]
[White "hblanco"]
[Black "iJueles"]
[Result "1-0"]
[WhiteElo "2719"]
[BlackElo "2470"]
[TimeControl "180+1"]
[EndTime "15:57:11 PDT"]
[Termination "hblanco won by resignation"]

1. e4 c6 2. d4 d5 3. exd5 cxd5 4. Bd3 Nc6 5. c3 Qc7 6. h3 e6 7. Nf3 Bd6 8. O-O Nge7 9. Re1 O-O 10. Bxh7+ Kxh7 11. Ng5+ Kg6 12. Qg4 f5 13. Qh4 f4 14.
Qg4 e5 15. Ne6+ Kf7 16. Qxg7+ Kxe6 17. Qxf8 Ng6 18. Qh6 Kf6 19. dxe5+ Bxe5 20. Nd2 Bf5 21. Nf3 Be4 22. Qg5+ Kg7 23. Nxe5 Qxe5 24. Qxe5+ Ncxe5 25. f3 Nd3 26. Rd1 Bf5 27. Bd2 Re8 28. Kf1 Nxb2 29. Re1 Bd3+ 30. Kg1 Rxe1+ 31. Rxe1 Nc4 32. Rd1 Bc2 33. Rc1 Bd3 34. Rd1 Be2 35. Re1 Bd3 36. Bc1 Kf7 37. Kf2 Bf5 38. h4 Nce5 39.
Rd1 Nd3+ 40. Kg1 Nxc1 41. Rxc1 Nxh4 42. Rd1 Be6 43. Rb1 b6 44. Rb4 Ng6 45. Ra4 a5 46. Ra3 Kf6 47. Rb3 Ne5 48. Rxb6 Nc4 49. Rb8 Ke5 50. Kf2 Ne3 51. Ra8 Nd1+ 52. Ke1 Nxc3 53. Rxa5 Kd4 54. a3 Ke3 55. Ra6 Bf5 56. Rf6 Bd7 57.
Rf7 Bb5 58. Re7+ Kd3 59. Rf7 d4 60. Rxf4 Nd5 61. Rf5 Ne3 62. Rxb5 Nxg2+ 63. Kf2 Ne3 64. a4 Kc4 65. Rb8 Nd5 66. a5 d3 67. a6 Kc3 68.
Rd8 Nc7 69. a7 Kc2 70. Ke3 d2 71. Rxd2+ 1-0

[Event "Late-Titled-Tuesday-Blitz-October-24-2023"]
[Site "Chess.com"]
[Date "2023.10.24"]
[Round "10"]
[White "BardArtem"]
[Black "Payyappat"]
[Result "1-0"]
[WhiteElo "2717"]
[BlackElo "2541"]
[TimeControl "180+1"]
[EndTime "15:57:13 PDT"]
[Termination "BardArtem won on time"]

1. e4 c6 2. d4 d5 3. exd5 cxd5 4. Bd3 Nc6 5. c3 Qc7 6. h3 g6 7. Nf3 Bf5 8. Be2 Nf6 9. O-O Bg7 10. Na3 O-O-O 11.
Re1 Ne4 12. Nc2 h5 13. a4 Bf6 14. Bd3 g5 15. Nd2 e5 16. Qf3 Ne7 17. Nxe4 dxe4 18. Bxe4 Bxe4 19. Rxe4 Nd5 20. Qf5+ Kb8 21. c4 Qxc4 22. Ne3 Nxe3 23. Bxe3 Qd5 24. dxe5 Rhe8 25. Re1 Rxe5 26. Rxe5 Bxe5 27. Qxe5+ Qxe5 28. Bxa7+ Kxa7 29. Rxe5 f6 30. Rf5 Rd6 31. h4 gxh4 32. Rxh5 Rd4 33. a5 Ka6 34. Rf5 Rb4 35. Rxf6+ Kxa5 36. Rh6 Ka4 37. Kh2 Kb3 38. Rh7 Kxb2 39. Kh3 b5 40. Rxh4 Rxh4+ 41. Kxh4 b4 42. f4 b3 43. f5 Kc3 44. f6 b2 45. f7 b1=Q 46. f8=Q Qe4+ 47.
Kg3 Qg6+ 48. Kf2 Qb6+ 49. Kg3 Qc7+ 50. Qf4 Qg7+ 51. Qg4 Qe5+ 52. Qf4 Qe1+ 53. Qf2 Qe5+ 54. Kh3 Qh5+ 55. Qh4 Qf5+ 56. Qg4 Qh7+ 57. Kg3 Qc7+ 58. Qf4 Qg7+ 59. Kf3 Qb7+ 60. Qe4 Qf7+ 61. Qf4 Qb7+ 62. Kf2 Qb2+ 63. Kg1 Qb1+ 64. Qf1 Qg6 65. Qf3+ Kd4 66. Kf2 Qc2+ 67. Kg3 1-0

[Event "Late-Titled-Tuesday-Blitz-October-24-2023"]
[Site "Chess.com"]
[Date "2023.10.24"]
[Round "10"]
[White "jk13"]
[Black "jaskol95"]
[Result "1/2-1/2"]
[WhiteElo "2670"]
[BlackElo "2559"]
[TimeControl "180+1"]
[EndTime "15:57:28 PDT"]
[Termination "Game drawn by repetition"]

1. e4 d5 2. exd5 Nf6 3. d4 Bg4 4. f3 Bf5 5. c4 e6 6. dxe6 Nc6 7. Be3 Bb4+ 8. Nc3 O-O 9. Ne2 fxe6 10. Ng3 Bg6 11. Be2 e5 12. d5 Nd4 13. Rc1 c6 14.
O-O Bxc3 15. Rxc3 cxd5 16. Bxd4 exd4 17. Qxd4 dxc4 18. Bxc4+ Kh8 19. Qxd8 Raxd8 20. Bb3 Rd2 21. Rf2 Rd4 22. Ne2 Rd2 23. Ng3 Rd4 24. Re2 h5 25.
Nf1 Rfd8 26. Kf2 R8d7 27. g3 Kh7 28. h4 Nd5 29. Bxd5 R4xd5 30. Ne3 Rd2 31. b3 R2d6 32.
Nc4 Rd1 33. Ne5 R7d2 34. Nxg6 Kxg6 35. Rc5 Rd6 36. Rc7 Rd7 37. Rc5 R1d5 38. Rxd5 Rxd5 39.
a4 a6 40. Re4 b5 41. axb5 Rxb5 42. Re3 Kf5 43. Ke2 g5 44. hxg5 Kxg5 45. Kd2 h4 46. gxh4+ Kxh4 47. Kc3 Kg3 48. Re6 a5 49. Rf6 Rd5 50.
Rf8 Kf2 51. f4 Ke3 52. f5 Rc5+ 53. Kb2 Kf4 54. f6 Kf5 55. f7 Kf6 56. Ka3 Ke7 57. Ra8 Kxf7 58. Ka4 Ke6 59. Rxa5 Rc1 60. Rb5 Kd7 61. Kb4 Kc6 62. Rh5 Kb7 63. Rh6 Rc7 64. Kb5 Rg7 65. Rh5 Rf7 66. b4 Rg7 67. Rc5 Rf7 68. Rd5 Rg7 69. Kc5 Rc7+ 70. Kd4 Rg7 71. Kc4 Rf7 72. Kb3 Kc6 73. Ra5 Kb6 74. Ka4 Rf1 75.
Rb5+ Ka6 76. Rh5 Ra1+ 77. Kb3 Rb1+ 78. Kc3 Rc1+ 79. Kb2 Rg1 80. Kb3 Rb1+ 81. Ka3 Ra1+ 82. Kb3 Rb1+ 1/2-1/2

[Event "Late-Titled-Tuesday-Blitz-October-24-2023"]
[Site "Chess.com"]
[Date "2023.10.24"]
[Round "10"]
[White "ChuckPhil"]
[Black "Atanejhad"]
[Result "1-0"]
[WhiteElo "2533"]
[BlackElo "2406"]
[TimeControl "180+1"]
[EndTime "15:57:29 PDT"]
[Termination "ChuckPhil won on time"]

1. d4 d5 2. c4 e6 3. Nf3 Nf6 4. g3 c6 5. Bg2 Bd6 6. O-O Nbd7 7. Nc3 O-O 8. Nd2 b6 9. e4 dxe4 10. Ndxe4 Nxe4 11. Nxe4 Be7 12. Nc3 Bb7 13. Bf4 Qc8 14.
Qf3 Bf6 15. Rad1 e5 16. dxe5 Nxe5 17. Qe2 Re8 18. b3 Ng6 19. Ne4 Nxf4 20. gxf4 Be7 21. Qh5 c5 22. Ng5 Bxg5 23. fxg5 Bxg2 24. Kxg2 Qc6+ 25.
Qf3 Qg6 26. Rd5 h6 27. h4 Re4 28. Re5 Re8 29. Rxe8+ Rxe8 30. Qg4 Re4 31. Qg3 hxg5 32. hxg5 Qe6 33. f3 Re2+ 34. Rf2 Rxf2+ 35. Kxf2 Kh7 36. Qc7 Kg6 37. Qxa7 Kxg5 38. Qc7 f5 39. Qxg7+ Kh5 40.
Qh7+ Kg5 41. Qc7 f4 42. Qg7+ Kh5 43. Qh7+ Kg5 44. Qe4 Qf6 45. Kg2 Qb2+ 46. Kh3 Qh8+ 47. Kg2 Qb2+ 48. Kf1 Qc1+ 49. Ke2 Qb2+ 50. Kd1 Qa1+ 51.
Ke2 Qxa2+ 52. Kf1 Qa1+ 53. Ke2 Qb2+ 54. Ke1 Qc3+ 55. Ke2 Qb2+ 56. Kf1 Qc1+ 57. Kg2 Kf6 58. Qc6+ Kf5 59. Qd7+ Ke5 60. Qd5+ Kf6 61. Qd6+ Kf5 62. Qf8+ Ke5 63. Qg7+ Kd6 64. Qf6+ Kc7 65. Qe7+ Kc6 66. Qe4+ Kc7 67. Kh3 Kb8 68. Kg4 Ka7 69. Qxf4 Qg1+ 70. Kf5 Qb1+ 71. Qe4 Qxb3 72. f4 Qh3+ 73. Ke5 Qh8+ 74.
Kd5 Qa8+ 75. Ke5 1-0